 Dungeon Crawl Stone Soup version 0.24.0-125-gc4c63601f3 (webtiles) character file.

Game seed: 4495640147965143618, levelgen mode: deterministic

114 Curus the Poker (level 4, -3/57 HPs)
             Began as a Draconian Berserker on Feb 24, 2020.
             Was a Believer of Trog.
             Slain by an ice beast (4 damage)
             ... on level 2 of the Dungeon.
             The game lasted 00:04:58 (1307 turns).

Curus the Poker (Draconian Berserker)               Turns: 1307, Time: 00:04:59

Health: -3/57      AC:  5    Str: 24 (25) XL:     4   Next: 66%
Magic:  0/13       EV: 12    Int:  7      God:    Trog [**....]
Gold:   78         SH:  0    Dex: 11      Spells: 3/3 levels left

rFire    + + .     SeeInvis .   a - +1 spear
rCold    . . .     Gourm    .   (no shield)
rNeg     . . .     Faith    .   (armour unavailable)
rPois    .         Spirit   +   (helmet restricted)
rElec    .         Reflect  .   (no cloak)
rCorr    .         Harm     .   (no gloves)
MR       .....                  (no boots)
Stlth    ..........             c - amulet of guardian spirit
HPRegen  0.19/turn              d - ring of magical power
MPRegen  0.13/turn              (no ring)

@: berserking, slowed
A: unfitting armour, deterioration 1, fire resistance 2, cold-blooded, AC +5
a: Berserk, Trog's Hand, Renounce Religion


You were on level 2 of the Dungeon.
You worshipped Trog.
Trog was pleased with you.
You were very hungry.

You visited 1 branch of the dungeon, and saw 2 of its levels.

You collected 78 gold pieces.

Inventory:

Hand Weapons
 a - a +1 spear (weapon)
Jewellery
 c - an amulet of guardian spirit (around neck)
 d - a ring of magical power (left hand)
Scrolls
 e - a scroll of teleportation
Comestibles
 b - 5 rations


   Skills:
 - Level 3.2 Fighting
 + Level 5.5 Polearms
 - Level 2.6 Dodging


You had 3 spell levels left.
You didn't know any spells.
Your spell library was empty.

Dungeon Overview and Level Annotations

Branches:
Dungeon (2/15)

Altars:
Gozag
Hepliaklqana
Uskayaw


Innate Abilities, Weirdness & Mutations

Your plain brown scales are hard. (AC +5)
You cannot fit into any form of body armour.
You are cold-blooded and may be slowed by cold attacks.
Your body sometimes deteriorates upon taking damage.
Your flesh is very heat resistant. (rF++)


Message History

You hit the ice beast but do no damage.
The ice beast is moderately wounded.
The ice beast hits you. The ice beast freezes you!
* * * LOW HITPOINT WARNING * * *
Your body deteriorates!
You feel weakened.
A red film seems to cover your vision as you go berserk!
You feel yourself moving faster!
You feel mighty!
You are feeling very hungry.
You feel yourself speed up. The ice beast barely misses you.
You hit the ice beast.
The ice beast is moderately wounded.
The ice beast hits you.
* * * LOW HITPOINT WARNING * * *
The ice beast freezes you!
You feel yourself slow down.
* * * LOW HITPOINT WARNING * * *
You barely miss the ice beast.
The ice beast is moderately wounded.
The ice beast hits you.
You die...

...... .#..$..##
.......# ....!..#
...... #...#
#.#######Y..#
........@...# ##
#.#####.#.### #.
#.#.#### #.
..#....# #.
#######.# #. #..<.#
#.
#.##############.
#.#.####...........
#........##########


You could see an ice beast.

Vanquished Creatures
  8 adders (D:2)
  2 dart slugs (D:1)
  2 giant cockroaches (D:1)
  3 goblins
  3 hobgoblins
  9 jackals (D:1)
  4 kobolds
  3 bats
  2 frilled lizards
  4 rats
40 creatures vanquished.

Notes
Turn   | Place    | Note
-------+----------+-------------------------------------------
     0 | D:1      | Curus the Draconian Berserker began the quest for the Orb.
     0 | D:1      | Reached XP level 1. HP: 19/19 MP: 1/1
   178 | D:1      | Reached XP level 2. HP: 26/26 MP: 2/2
   369 | D:1      | Reached skill level 4 in Polearms
   379 | D:1      | Reached ** piety under Trog
   651 | D:1      | Reached XP level 3. HP: 24/31 MP: 3/3
   995 | D:2      | Reached skill level 5 in Polearms
   995 | D:2      | Reached XP level 4. HP: 29/38 MP: 4/4
  1146 | D:2      | Gained mutation: Your body sometimes deteriorates upon
                  | taking damage. [potion of mutation]
  1146 | D:2      | Gained mutation: Your flesh is heat resistant. (rF+)
                  | [potion of mutation]
  1146 | D:2      | Gained mutation: Your flesh is very heat resistant. (rF++)
                  | [potion of mutation]
  1187 | D:2      | Found a hide-covered altar of Uskayaw.
  1191 | D:2      | Found an opulent altar of Gozag.
  1194 | D:2      | Found a hazy altar of Hepliaklqana.
  1288 | D:2      | Noticed an ice beast
  1306 | D:2      | HP: 1/57 [ice beast (7)]
  1307 | D:2      | Slain by an ice beast

Levels and vault maps discovered:
D:1:      psy_arrival_statuary, layout_basic, chequers_serial_rivers_micro_e
D:2:      layout_loops_ring, minitemple

Skill      XL: |  1  2  3 |
---------------+----------+-----
Polearms       | 4 5 |  5.5
Fighting       | |  3.2
Dodging        | |  2.6

Action                   |  1- 3 |  4- 6 || total
-------------------------+-------+-------++-------
Melee: Spear             |   115 |    36 ||   151
       Tailslap          |    10 |     2 ||    12
Invok: Berserk           |     1 |     1 ||     2
  Use: Scroll            |     4 |     1 ||     5
       Potion            |     2 |     1 ||     3
 Stab: Sleeping          |     2 |       ||     2
  Eat: Chunk             |     1 |     1 ||     2
Armor: Skin              |    30 |    10 ||    40
Dodge: Dodged            |    61 |     6 ||    67
